 Dungeon Crawl Stone Soup version 0.23.2-1-ga50397a6bc (webtiles) character file.

Game seed: 14496532793270425447

1603 Kobolds4U the Cleaver (level 8, -2/68 HPs)
             Began as a Minotaur Fighter on Apr 23, 2019.
             Was a Follower of Ashenzari.
             Slain by BorisKarlOrff's ghost (9 damage)
             ... on level 5 of the Dungeon.
             The game lasted 00:11:39 (5927 turns).

Kobolds4U the Cleaver (Minotaur Fighter)            Turns: 5927, Time: 00:11:40

Health: -2/68      AC:  9    Str: 21    XL:     8   Next: 63%
Magic:  10/10      EV: 10    Int:  6    God:    Ashenzari [*.....]
Gold:   323        SH:  0    Dex: 11    Spells: 7/7 levels left

rFire    . . .     SeeInvis .   a - +0 war axe
rCold    . . .     Gourm    .   (no shield)
rNeg     . . .     Faith    .   A - +2 ring mail {MR+}
rPois    .         Spirit   .   (helmet restricted)
rElec    .         Reflect  .   c - +0 cloak (curse)
rCorr    .         Harm     .   (no gloves)
MR       +....                  (no boots)
Stlth    +.........             (no amulet)
HPRegen  0.21/turn              (no ring)
MPRegen  0.12/turn              r - ring of flight

@: lethally poisoned (-2 -> -3), drained
A: retaliatory headbutt, horns 2
a: Curse Item, Scrying, Renounce Religion, Evoke Flight


You were on level 5 of the Dungeon.
You worshipped Ashenzari.
Ashenzari was aware of your devotion.
You were not hungry.

You visited 2 branches of the dungeon, and saw 7 of its levels.

You collected 323 gold pieces.

Inventory:

Hand Weapons
 a - a +0 war axe (weapon)
 t - a +2 dagger of venom
 B - a +1 flail of protection
Armour
 b - a +0 scale mail
 c - a cursed +0 cloak (worn)
 w - a cursed -1 leather armour
 A - a +2 ring mail of magic resistance (worn)
Jewellery
 n - an uncursed ring of fire
 r - a ring of flight (right hand)
Wands
 o - a wand of acid (10)
 p - a wand of flame (17)
 s - a wand of disintegration (4)
 C - a wand of random effects (11)
Scrolls
 e - a scroll of magic mapping {unknown}
 h - a scroll of immolation {unknown}
 k - 3 scrolls of identify
 l - a scroll of fear {unknown}
 m - 2 scrolls of enchant weapon {unknown}
 q - a scroll of teleportation
 u - a scroll of enchant armour {unknown}
 y - a scroll of amnesia {unknown}
Potions
 d - 2 potions of might
 g - 3 potions of mutation {unknown}
 i - a potion of haste {unknown}
 j - 2 potions of heal wounds
 v - a potion of berserk rage {unknown}
 z - a potion of cancellation {unknown}
Comestibles
 f - 11 rations


   Skills:
 - Level 5.0(4.1) Fighting
 + Level 9.2(8.2) Axes
 - Level 7.0(6.1) Armour
   Level 3.6(2.7) Shields
 + Level 4.8(3.9) Evocations


You had 7 spell levels left.
You didn't know any spells.
Your spell library was empty.

Dungeon Overview and Level Annotations

Branches:
Dungeon (6/15)             Temple (1/1) D:5

Altars:
Ashenzari
Cheibriados
Elyvilon
Fedhas
Gozag
Hepliaklqana
Makhleb
Nemelex Xobeh
Okawaru
Qazlal
Sif Muna
Uskayaw
Vehumet
Wu Jian
Xom
Yredelemnul
The Shining One

Annotations:
D:5 1 transporter, BorisKarlOrff's ghost, amateur MiCK


Innate Abilities, Weirdness & Mutations

You reflexively headbutt those who attack you in melee.
You have a pair of horns on your head.


Message History

You slash BorisKarlOrff's ghost!
Your headbutt misses BorisKarlOrff's ghost.
BorisKarlOrff's ghost is almost destroyed.
BorisKarlOrff's ghost hits you!
* * * LOW HITPOINT WARNING * * *
BorisKarlOrff's ghost barely misses you.
You furiously retaliate!
You headbutt BorisKarlOrff's ghost, but do no damage.
You feel much better. BorisKarlOrff's ghost hits you!
* * * LOW HITPOINT WARNING * * *
You hit BorisKarlOrff's ghost but do no damage.
BorisKarlOrff's ghost is almost destroyed.
You feel sick.
BorisKarlOrff's ghost barely misses you.
You furiously retaliate!
You headbutt BorisKarlOrff's ghost, but do no damage.
You barely miss BorisKarlOrff's ghost.
BorisKarlOrff's ghost is almost destroyed.
BorisKarlOrff's ghost hits you!
You die...

###..............###.###..####..#
#...........<...#########..# #...
...............###.# #y###.# #...
.............).##...#...##.# ##..
...............##.#####.##.# #..
...............##...#...##.# #..
...............#.#y# #.#.#.####..
#.......[...^..#.W#. .#.y#.......
####..........©#@.#.#W#.y#©.####.
####........#.y#...#.y#.## #.
###......#.#.#.#.#$#.# #.
####........##...#..y##.# ##
###...........##.#.###%##.# #
##...........#.##...#...##.######
...........###.###.###.###.......
..........## #..#########..###...
........### ##..###.###..## ####


You could see 2 killer bees and BorisKarlOrff's ghost.

Vanquished Creatures
  Edmund (D:4)
  Duvessa (D:4)
  2 phantoms
  An ogre (D:4)
  A necrophage (D:5)
  A bullfrog (D:6)
  A water moccasin zombie (D:5)
  Dowan (D:4)
  3 killer bees (D:5)
  A howler monkey (D:4)
  A wight (D:6)
  2 crimson imps
  Crazy Yiuf (D:2)
  A gnoll shaman (D:6)
  4 orc wizards
  Ijyb (D:3)
  Natasha (thrice) (D:4)
  An iguana (D:4)
  13 gnolls
  5 adders
  2 oozes (D:2)
  An adder skeleton (D:4)
  2 worms
  5 leopard geckos
  11 orcs
  14 giant cockroaches
  5 goblins
  6 hobgoblins
  9 jackals
  4 quokkas
  4 bats
  5 frilled lizards
  A jackal skeleton (D:4)
  6 kobolds
  A leopard gecko skeleton (D:5)
  7 rats
128 creatures vanquished.

Notes
Turn   | Place    | Note
-------+----------+-------------------------------------------
     0 | D:1      | Kobolds4U the Minotaur Fighter began the quest for the Orb.
     0 | D:1      | Reached XP level 1. HP: 19/19 MP: 0/0
   141 | D:1      | Reached XP level 2. HP: 27/27 MP: 1/1
   721 | D:2      | Reached skill level 3 in Axes
   721 | D:2      | Reached XP level 3. HP: 28/34 MP: 2/2
   917 | D:2      | Reached skill level 5 in Fighting
   917 | D:2      | Reached XP level 4. HP: 41/42 MP: 3/3
  1054 | D:2      | Found a runed translucent door.
  1055 | D:2      | Noticed Crazy Yiuf
  1262 | D:2      | Killed Crazy Yiuf
  1358 | D:3      | Found a shattered altar of Ashenzari.
  1505 | D:3      | Became a worshipper of Ashenzari the Shackled
  1557 | D:3      | Noticed a phantom
  1572 | D:3      | Killed a phantom
  1572 | D:3      | Reached skill level 4 in Axes
  1572 | D:3      | Reached skill level 5 in Armour
  1572 | D:3      | Reached XP level 5. HP: 33/48 MP: 4/4
  1894 | D:3      | Noticed Ijyb
  1905 | D:3      | Killed Ijyb
  2259 | D:3      | Reached skill level 5 in Axes
  2259 | D:3      | Reached XP level 6. HP: 53/56 MP: 5/5
  2722 | D:4      | Noticed Duvessa
  2722 | D:4      | Noticed Edmund
  2722 | D:4      | Noticed Natasha
  2723 | D:4      | Noticed Dowan
  2752 | D:4      | Killed Natasha
  2787 | D:4      | Noticed Natasha
  2792 | D:4      | Killed Natasha
  3112 | D:4      | Killed Dowan
  3204 | D:4      | Noticed Natasha
  3209 | D:4      | Killed Natasha
  3209 | D:4      | Reached skill level 6 in Axes
  3406 | D:5      | Entered Level 5 of the Dungeon
  3652 | D:5      | Reached XP level 7. HP: 50/61 MP: 6/6
  3659 | D:5      | Noticed BorisKarlOrff's ghost (amateur MiCK)
  3704 | D:5      | Reached * piety under Ashenzari
  3765 | D:5      | Found a transporter.
  3769 | D:5      | Found a transporter.
  3924 | D:5      | Found a burning altar of Makhleb.
  3952 | D:5      | Reached skill level 1 in Evocations
  3978 | D:5      | Found a staircase to the Ecumenical Temple.
  4011 | Temple   | Entered the Ecumenical Temple
  4123 | D:5      | Reached skill level 7 in Axes
  4660 | D:6      | Reached XP level 8. HP: 36/66 MP: 7/9
  4917 | D:3      | Reached skill level 8 in Axes
  5399 | D:4      | Killed Edmund
  5468 | D:4      | Killed Duvessa
  5613 | D:5      | HP: 3/66 [wight/+2 flail of freezing (3)]
  5916 | D:5      | Reached skill level 9 in Axes
  5924 | D:5      | HP: 3/66 [BorisKarlOrff's ghost (11)]
  5927 | D:5      | Slain by BorisKarlOrff's ghost

Skill      XL: |  1  2  3  4  5  6  7  8 |
---------------+-------------------------+-----
Fighting       | 4 5 |  5.0
Armour         | 4 5 7 |  7.0
Axes           | 3 4 5 6 7 9 |  9.2
Evocations     | 3 4 |  4.8
Shields        | |  3.6

Action                   |  1- 3 |  4- 6 |  7- 9 || total
-------------------------+-------+-------+-------++-------
Melee: War axe           |    74 |   119 |   157 ||   350
       Headbutt          |     4 |    15 |    28 ||    47
Invok: Curse Item        |       |     1 |       ||     1
  Use: Scroll            |       |     2 |     1 ||     3
       Potion            |       |     1 |     1 ||     2
  Eat: Chunk             |       |     8 |     7 ||    15
       Ration            |       |       |     1 ||     1
Armor: Scale mail        |    39 |    50 |    53 ||   142
       Ring mail         |       |       |    52 ||    52
Dodge: Dodged            |    48 |    56 |   119 ||   223
